3AAA
NOLENSVILLE KNIGHTS @ AUSTIN BLACK MAMBAS
05/27/2042
 
TOP OF THE 1ST
Nolensville Knights batting - Pitching for Austin Black Mambas : RHP Patrick Ibáñez
Pitching: RHP Patrick Ibáñez
Batting: LHB Brian Harmon 0-0: Foul Ball, location: 2F
0-1: Fly out, F9 (Flyball, 9D, EV 80.6 MPH)
Batting: LHB Jorge Mateu 0-0: Ball
1-0: Foul Ball, location: 2F
1-1: Foul Ball, location: 2F
1-2: Strikes out swinging
Batting: LHB Russell Hamilton 0-0: Ball
1-0: Fly out, F7 (Flyball, 78M, EV 92.5 MPH)
Top of the 1st over - 0 runs, 0 hits, 0 errors, 0 left on base; Nolensville 0 - Austin 0
BOTTOM OF THE 1ST
Austin Black Mambas batting - Pitching for Nolensville Knights : RHP Steve Young
Pitching: RHP Steve Young
Batting: RHB Kamakakoa Kaponianani 0-0: Fly out, F8 (Line Drive, 8RM, EV 96.9 MPH)
Batting: RHB Carlos Hernández 0-0: Swinging Strike
0-1: Ball
1-1: Called Strike
1-2: Fly out, F7 (Line Drive, 7LD, EV 105.0 MPH)
Batting: LHB Ramón Torres 0-0: Foul Ball, location: 2F
0-1: Ground out 4-3 (Groundball, 4M, EV 86.2 MPH)
Bottom of the 1st over - 0 runs, 0 hits, 0 errors, 0 left on base; Nolensville 0 - Austin 0
TOP OF THE 2ND
Nolensville Knights batting - Pitching for Austin Black Mambas : RHP Patrick Ibáñez
Batting: RHB Omar Luoa 0-0: Ball
1-0: Ground out 6-3 (Groundball, 6, EV 83.1 MPH)
Batting: LHB Juan Jimínez 0-0: Fly out, F9 (Flyball, 89S, EV 83.8 MPH)
Batting: RHB Dale Goodman 0-0: Ground out 2-3 (Groundball, 13S, EV 60.6 MPH)
Top of the 2nd over - 0 runs, 0 hits, 0 errors, 0 left on base; Nolensville 0 - Austin 0
BOTTOM OF THE 2ND
Austin Black Mambas batting - Pitching for Nolensville Knights : RHP Steve Young
Batting: RHB Jason Portillo 0-0: Foul Ball, location: 2F
0-1: Ball
1-1: Foul Ball, location: 2F
1-2: Ball
2-2: Ball
3-2: Strikes out swinging
Batting: RHB Doug Day 0-0: Ball
1-0: Ball
2-0: Foul Ball, location: 2F
2-1: Ball
3-1: Called Strike
3-2: Foul Ball, location: 2F
3-2: Foul Ball, location: 2F
3-2: Base on Balls
Batting: RHB Omer van de Linde Pickoff Throw to First - Out! 1-3
0-0: Ground out 5-3 (Groundball, 56, EV 86.2 MPH)
Bottom of the 2nd over - 0 runs, 0 hits, 0 errors, 0 left on base; Nolensville 0 - Austin 0
TOP OF THE 3RD
Nolensville Knights batting - Pitching for Austin Black Mambas : RHP Patrick Ibáñez
Batting: RHB Ace Felder 0-0: Ball
1-0: DOUBLE (Flyball, 8RXD, EV 97.5 MPH)
Batting: RHB Juan Perales 0-0: Ball
1-0: Called Strike
1-1: Ball
2-1: Ball
3-1: Fly out, F8 (Flyball, 8RS, EV 88.8 MPH)
Batting: RHB Francis Osborne 0-0: Foul Ball, location: 2F
0-1: Ball
1-1: Ball
2-1: Foul Ball, location: 2F
2-2: Strikes out looking
Batting: LHB Brian Harmon 0-0: SINGLE (Groundball, 4MD, EV 95.6 MPH)
Ace Felder to third
Runner from 3rd tries for Home, SAFE, no throw by CF
Batting: LHB Jorge Mateu 0-0: Ball
1-0: Swinging Strike
1-1: Called Strike
1-2: Ball
2-2: Foul Ball, location: 2F
2-2: SINGLE (Groundball, 4MD, EV 105.0 MPH)
Brian Harmon to second
Runner from 2nd tries for 3rd, SAFE, throw by CF made to third
Batting: LHB Russell Hamilton 0-0: Fly out, F8 (Flyball, 8LS, EV 90.0 MPH)
Top of the 3rd over - 1 run, 3 hits, 0 errors, 2 left on base; Nolensville 1 - Austin 0
BOTTOM OF THE 3RD
Austin Black Mambas batting - Pitching for Nolensville Knights : RHP Steve Young
Batting: RHB Rutland Stones 0-0: Ball
1-0: Ball
2-0: Ball
3-0: Called Strike
3-1: Base on Balls
Batting: RHB Francisco Ortíz 0-0: Ball
1-0: Foul Ball, location: 2F
1-1: Foul Ball, location: 2F
1-2: Foul Ball, location: 2F
1-2: Ball
2-2: SINGLE (Line Drive, 56, EV 95.6 MPH)
Rutland Stones to second
Batting: SHB Roy Snider 0-0: Ball
1-0: Called Strike
1-1: Fielders Choice at 2nd, 3-6 (Groundball, 3, EV 87.5 MPH)
Rutland Stones to third
Batting: RHB Kamakakoa Kaponianani 0-0: Ball
1-0: Ball
2-0: Called Strike
2-1: Ball
3-1: Called Strike
3-2: Strikes out looking
Batting: RHB Carlos Hernández 0-0: Fly out, F9 (Flyball, 9, EV 90.6 MPH)
Bottom of the 3rd over - 0 runs, 1 hit, 0 errors, 2 left on base; Nolensville 1 - Austin 0
TOP OF THE 4TH
Nolensville Knights batting - Pitching for Austin Black Mambas : RHP Patrick Ibáñez
Batting: RHB Omar Luoa 0-0: Fly out, F4 (Popup, 34, EV 74.4 MPH)
Batting: LHB Juan Jimínez 0-0: Swinging Strike
0-1: SOLO HOME RUN (Flyball, 9D, EV 98.1 MPH), Distance : 373 ft
Batting: RHB Dale Goodman 0-0: Swinging Strike
0-1: Ball
1-1: Ball
2-1: Ball
3-1: Foul Ball, location: 2F
3-2: Fly out, F7 (Flyball, 7S, EV 94.4 MPH)
Batting: RHB Ace Felder 0-0: Foul Ball, location: 2F
0-1: Ball
1-1: Called Strike
1-2: Strikes out looking
Top of the 4th over - 1 run, 1 hit, 0 errors, 0 left on base; Nolensville 2 - Austin 0
BOTTOM OF THE 4TH
Austin Black Mambas batting - Pitching for Nolensville Knights : RHP Steve Young
Batting: LHB Ramón Torres 0-0: Ball
1-0: Foul Ball, location: 2F
1-1: Ball
2-1: Foul Ball, location: 2F
2-2: Fly out, F7 (Flyball, 78S, EV 85.0 MPH)
Batting: RHB Jason Portillo 0-0: Foul Ball, location: 2F
0-1: Ball
1-1: Foul Ball, location: 2F
1-2: Ball
2-2: Fly out, F7 (Flyball, 78D, EV 83.8 MPH)
Batting: RHB Doug Day 0-0: Ball
1-0: Called Strike
1-1: Ball
2-1: Fly out, F7 (Line Drive, 7, EV 89.4 MPH)
Bottom of the 4th over - 0 runs, 0 hits, 0 errors, 0 left on base; Nolensville 2 - Austin 0
TOP OF THE 5TH
Nolensville Knights batting - Pitching for Austin Black Mambas : RHP Patrick Ibáñez
Batting: RHB Juan Perales 0-0: Foul Ball, location: 2F
0-1: Swinging Strike
0-2: Foul Ball, location: 2F
0-2: Ball
1-2: Ball
2-2: Foul Ball, location: 2F
2-2: Strikes out looking
Batting: RHB Francis Osborne 0-0: Foul Ball, location: 2F
0-1: Swinging Strike
0-2: Strikes out looking
Batting: LHB Brian Harmon 0-0: Ball
1-0: Swinging Strike
1-1: Fly out, F6 (Popup, 6M, EV 75.6 MPH)
Top of the 5th over - 0 runs, 0 hits, 0 errors, 0 left on base; Nolensville 2 - Austin 0
BOTTOM OF THE 5TH
Austin Black Mambas batting - Pitching for Nolensville Knights : RHP Steve Young
Batting: RHB Omer van de Linde 0-0: Ball
1-0: Ball
2-0: DOUBLE (Line Drive, 89D, EV 103.1 MPH)
Batting: RHB Rutland Stones 0-0: Ball
1-0: Ball
2-0: Ball
3-0: Called Strike
3-1: Called Strike
3-2: Base on Balls
Batting: RHB Francisco Ortíz 0-0: Ball
1-0: Bunt - Flyout to 25! F5
Batting: SHB Roy Snider 0-0: Called Strike
0-1: Swinging Strike
0-2: Foul Ball, location: 2F
0-2: Ball
1-2: Fielders Choice at 2nd, 6-4 (Groundball, 6MS, EV 80.6 MPH)
Omer van de Linde to third
Batting: RHB Kamakakoa Kaponianani 0-0: Swinging Strike
0-1: Foul Ball, location: 2F
0-2: Fly out, F7 (Flyball, 7LD, EV 96.9 MPH)
Bottom of the 5th over - 0 runs, 1 hit, 0 errors, 2 left on base; Nolensville 2 - Austin 0
TOP OF THE 6TH
Nolensville Knights batting - Pitching for Austin Black Mambas : RHP Patrick Ibáñez
Batting: LHB Jorge Mateu 0-0: Ball
1-0: Called Strike
1-1: Ground out 2-3 (Groundball, 2R, EV 61.2 MPH)
Batting: LHB Russell Hamilton 0-0: Swinging Strike
0-1: DOUBLE (Flyball, 8RD, EV 91.9 MPH)
Batting: RHB Omar Luoa 0-0: Intentional Walk
Batting: LHB Juan Jimínez 0-0: Ball
1-0: Swinging Strike
1-1: Called Strike
1-2: Foul Ball, location: 2F
1-2: Ball
2-2: Ball
3-2: Strikes out swinging
Omar Luoa steals 2nd, throwing error, E2
Russell Hamilton scores
Omar Luoa to third
Batting: RHB Dale Goodman 0-0: Intentional Walk
Batting: RHB Ace Felder 0-0: Ball
1-0: Called Strike
Pickoff Throw to First - Error! E1
Omar Luoa scores
Dale Goodman to second
1-1: Intentional Walk
Batting: RHB Juan Perales 0-0: Called Strike
0-1: Swinging Strike
0-2: Foul Ball, location: 2F
0-2: Fielders Choice at 2nd, 5-4 (Groundball, 56, EV 96.2 MPH)
Top of the 6th over - 2 runs, 1 hit, 2 errors, 2 left on base; Nolensville 4 - Austin 0
BOTTOM OF THE 6TH
Austin Black Mambas batting - Pitching for Nolensville Knights : RHP Steve Young
Batting: RHB Carlos Hernández 0-0: Called Strike
0-1: Ball
1-1: DOUBLE (Flyball, 89D, EV 99.4 MPH)
Batting: LHB Ramón Torres 0-0: Fly out, F8 (Flyball, 8LM, EV 85.6 MPH)
Batting: RHB Jason Portillo 0-0: Ground out 5-3 (Groundball, 56S, EV 70.6 MPH)
Carlos Hernández to third
Batting: RHB Doug Day 0-0: Ground out 5-3 (Groundball, 56S, EV 79.4 MPH)
Bottom of the 6th over - 0 runs, 1 hit, 0 errors, 1 left on base; Nolensville 4 - Austin 0
TOP OF THE 7TH
Nolensville Knights batting - Pitching for Austin Black Mambas : RHP Patrick Ibáñez
Batting: RHB Francis Osborne 0-0: Called Strike
0-1: SINGLE (Groundball, 56D, EV 99.4 MPH)
Batting: LHB Brian Harmon 0-0: Ball
1-0: Sac Bunt to 23 - play at first, batter OUT! 3-4
Francis Osborne to second
Batting: LHB Jorge Mateu 0-0: Called Strike
0-1: Swinging Strike
0-2: Strikes out swinging
Batting: LHB Russell Hamilton 0-0: Intentional Walk
Batting: RHB Omar Luoa 0-0: Ball
1-0: Fielders Choice at 2nd, 5-4 (Groundball, 56, EV 88.1 MPH)
Top of the 7th over - 0 runs, 1 hit, 0 errors, 2 left on base; Nolensville 4 - Austin 0
BOTTOM OF THE 7TH
Austin Black Mambas batting - Pitching for Nolensville Knights : RHP Steve Young
Batting: RHB Omer van de Linde 0-0: Foul Ball, location: 2F
0-1: Ball
1-1: Ball
2-1: SINGLE (Groundball, 56D, EV 110.0 MPH)
Batting: RHB Rutland Stones 0-0: Called Strike
0-1: Swinging Strike
0-2: Foul Ball, location: 2F
0-2: 2-RUN HOME RUN (Flyball, 9D, EV 91.2 MPH), Distance : 384 ft
Batting: RHB Francisco Ortíz 0-0: SINGLE (Groundball, 6D, EV 104.4 MPH)
Batting: SHB Roy Snider 0-0: Ball
1-0: Called Strike
1-1: Ball
2-1: Foul Ball, location: 2F
2-2: SINGLE (Groundball, 4D, EV 106.2 MPH)
Francisco Ortíz to second
Runner from 2nd tries for 3rd, SAFE, throw by CF made to third
Batting: RHB Kamakakoa Kaponianani 0-0: Called Strike
0-1: Fielders Choice at 2nd, 6-4 (Groundball, 6, EV 83.1 MPH)
Francisco Ortíz scores
Pinch Hitting: LHB José Vera 0-0: Ball
1-0: Called Strike
1-1: Called Strike
1-2: Ball
2-2: Strikes out swinging
Batting: LHB Ramón Torres 0-0: Ball
1-0: Ball
2-0: Foul Ball, location: 2F
2-1: SINGLE (Groundball, 6D, EV 97.5 MPH)
Kamakakoa Kaponianani to second
Batting: RHB Jason Portillo 0-0: Called Strike
0-1: Ball
1-1: Swinging Strike
1-2: Ball
2-2: Ball
3-2: Base on Balls
Kamakakoa Kaponianani to third
Ramón Torres to second
Pitching: RHP Ed Lake
Batting: RHB Doug Day 0-0: Ball
1-0: Ball
2-0: Ball
3-0: Base on Balls
Kamakakoa Kaponianani scores
Ramón Torres to third
Jason Portillo to second
Batting: RHB Omer van de Linde 0-0: Swinging Strike
0-1: Reached on error, E5 (Groundball, 56S, EV 83.1 MPH)
Ramón Torres scores
Jason Portillo to third
Doug Day to second
Batting: RHB Rutland Stones 0-0: Ball
1-0: Called Strike
1-1: DOUBLE (Flyball, 8RXD, EV 89.4 MPH)
Jason Portillo scores
Doug Day scores
Omer van de Linde to third
Runner from 3rd tries for Home, SAFE, throw by CF to home
Batting: RHB Francisco Ortíz 0-0: Ball
1-0: SINGLE (Groundball, 56D, EV 105.6 MPH)
Rutland Stones to third
Runner from 3rd tries for Home, SAFE, throw by LF to home
Francisco Ortíz to second
Batting: SHB Roy Snider 0-0: Ball
1-0: Called Strike
1-1: Foul Ball, location: 2F
1-2: Foul Ball, location: 2F
1-2: Strikes out swinging
Bottom of the 7th over - 9 runs, 7 hits, 1 error, 1 left on base; Nolensville 4 - Austin 9
TOP OF THE 8TH
Nolensville Knights batting - Pitching for Austin Black Mambas : RHP Patrick Ibáñez
Now at SS: Daniel Lindsey
Batting: LHB Juan Jimínez 0-0: Ground out 5-3 (Groundball, 56, EV 75.6 MPH)
Batting: RHB Dale Goodman 0-0: Called Strike
0-1: Ball
1-1: Fly out, F9 (Flyball, 89D, EV 93.1 MPH)
Batting: RHB Ace Felder 0-0: Called Strike
0-1: Foul Ball, location: 2F
0-2: SINGLE (Groundball, 6S, EV 88.1 MPH) (infield hit)
Batting: RHB Juan Perales 0-0: Ball
1-0: Called Strike
1-1: Swinging Strike
1-2: Ball
2-2: Ball
3-2: Base on Balls
Ace Felder to second
Pitching: LHP James Hall
Batting: RHB Francis Osborne 0-0: Ball
1-0: Ball
2-0: Called Strike
2-1: Ground out 4-3 (Groundball, 4, EV 110.6 MPH)
Top of the 8th over - 0 runs, 1 hit, 0 errors, 2 left on base; Nolensville 4 - Austin 9
BOTTOM OF THE 8TH
Austin Black Mambas batting - Pitching for Nolensville Knights : RHP Ed Lake
Batting: RHB Kamakakoa Kaponianani 0-0: Ball
1-0: Called Strike
1-1: Ball
2-1: Reached on error, E9 (Flyball, 9S, EV 91.2 MPH)
Batting: RHB Daniel Lindsey 0-0: Ball
1-0: Ball
2-0: Called Strike
2-1: Called Strike
2-2: Foul Ball, location: 2F
2-2: Foul Ball, location: 2F
2-2: Strikes out swinging
Batting: LHB Ramón Torres 0-0: Called Strike
Kamakakoa Kaponianani steals 2nd, throwing error, E2
Kamakakoa Kaponianani to third
0-1: Foul Ball, location: 2F
0-2: Ball
1-2: Fly out, F9 (Line Drive, 9, EV 92.5 MPH)
Runner from 3rd tags up, SCORES, throw by RF
Batting: RHB Jason Portillo 0-0: Foul Ball, location: 2F
0-1: Foul Ball, location: 2F
0-2: Ball
1-2: Strikes out swinging
Bottom of the 8th over - 1 run, 0 hits, 2 errors, 0 left on base; Nolensville 4 - Austin 10
TOP OF THE 9TH
Nolensville Knights batting - Pitching for Austin Black Mambas : LHP James Hall
Batting: LHB Brian Harmon 0-0: Called Strike
0-1: Ball
1-1: Ball
2-1: Ground out U3 (Groundball, 34, EV 106.9 MPH)
Batting: LHB Jorge Mateu 0-0: Swinging Strike
0-1: Called Strike
0-2: Ball
1-2: Fly out, F8 (Line Drive, 8LD, EV 83.8 MPH)
Batting: LHB Russell Hamilton 0-0: Fly out, F8 (Flyball, 8LM, EV 94.4 MPH)
Top of the 9th over - 0 runs, 0 hits, 0 errors, 0 left on base; Nolensville 4 - Austin 10
Friday, March 26th, 2021 - OOTP Baseball 20.8 Build 74